 Dungeon Crawl Stone Soup version 0.14-a0-882-gdff4d47 (webtiles) character file.

1589 Deemzul the Firebug (level 8, -14/46 HPs)
             Began as an Octopode Fire Elementalist on Nov 2, 2013.
             Was an Initiate of Ashenzari.
             Killed from afar by an orc skeleton (35 damage)
             ... with an exploding inner flame
             ... hexed by the player character
             ... on Level 6 of the Dungeon on Nov 17, 2013.
             The game lasted 00:21:42 (6640 turns).

Deemzul the Firebug (Octopode Fire Elementalist)    Turns: 6640, Time: 00:21:42

HP -14/46        AC  1     Str  7      XL: 8   Next: 57%
MP  22/27        EV 12     Int 19      God: Ashenzari [......]
Gold 284         SH  0     Dex 13      Spells:  4 memorised,  6 levels left

Res.Fire  : . . .   See Invis. : +   y - -2,-3 mace (curse)
Res.Cold  : . . .   Warding    : .   (no shield)
Life Prot.: . . .   Conserve   : .   (helmet restricted)
Res.Poison: .       Res.Corr.  : .   (no amulet)
Res.Elec. : .       Clarity    : .   g - cursed ring of magical power
Sust.Abil.: . .     Spirit.Shd : .   o - ring of see invisible {unknown}
Res.Mut.  : .       Stasis     : .   (no ring)
Res.Rott. : .       Flight     : .   (no ring)
Saprovore : . . .                    (no ring)
                                     (no ring)
                                     (no ring)
                                     (no ring)

@: about to teleport, very slightly contaminated, slightly resistant to hostile
enchantments, very stealthy
A: almost no armour, amphibious, 8 rings, constrict 8, camouflage 1, AC +1
a: Renounce Religion


You were on level 6 of the Dungeon.
You worshipped Ashenzari.
Ashenzari was noncommittal.
You were near starving.

You visited 1 branch of the dungeon, and saw 6 of its levels.

You collected 284 gold pieces.

Inventory:

Hand weapons
 l - a +0 blowgun
 y - a cursed -2,-3 mace (weapon)
Missiles
 h - 10 poisoned needles
Magical devices
 d - a wand of confusion (4)
 q - a wand of fireball (3)
Comestibles
 a - a rotting chunk of giant cockroach flesh
 c - 3 bread rations
 i - a meat ration
 u - a royal jelly
 v - a lemon
 B - a rotting chunk of adder flesh
Scrolls
 f - 2 scrolls of teleportation
 m - a scroll of curse weapon
 n - 4 scrolls of curse jewellery
 p - a scroll of enchant armour {unknown}
 s - a scroll of fear
 t - 2 scrolls of remove curse
 w - a scroll of noise {unknown}
 C - a scroll of summoning {unknown}
Jewellery
 g - a cursed ring of magical power (left tentacle)
 k - an uncursed amulet of guardian spirit
 o - a ring of see invisible (right tentacle) {unknown}
 r - an uncursed amulet of stasis
Potions
 e - 3 potions of poison
 x - a potion of berserk rage {unknown}
 z - a potion of restore abilities {unknown}
Books
 b - a book of Flames

   Spells                             Type                      Level
   *Flame Tongue                      Conjuration/Fire             1
   *Throw Flame                       Conjuration/Fire             2
   *Conjure Flame                     Conjuration/Fire             3
   *Inner Flame                       Hexes/Fire                   3
   Sticky Flame                       Conjuration/Fire             4
   Fireball                           Conjuration/Fire             5
 j - a book of Cantrips

   Spells                             Type                      Level
   Confusing Touch                    Hexes                        1
   Animate Skeleton                   Necromancy                   1
   Summon Small Mammal                Summoning                    1
   Apportation                        Translocation                1


   Skills:
 - Level 2.0 Dodging
 + Level 6.1 Stealth
 + Level 4.0 Spellcasting
 + Level 4.5 Conjurations
 * Level 7.4 Fire Magic


You had 6 spell levels left.
You knew the following spells:

 Your Spells              Type           Power        Failure   Level  Hunger
a - Flame Tongue          Conj/Fire      ####.        1%          1    None
b - Throw Flame           Conj/Fire      ####..       1%          2    #......
c - Conjure Flame         Conj/Fire      ####....     3%          3    ###....
d - Inner Flame           Hex/Fire       ###.....     12%         3    ###....


Dungeon Overview and Level Annotations

Branches:
Dungeon (6/27)
 Temple: D:4-7          Orc: D:6-11      Vaults: D:1-3          Zot: D:6

Altars:
Ashenzari
Cheibriados
Nemelex Xobeh

Annotations:
D:6 Edmund


Innate Abilities, Weirdness & Mutations

You cannot wear most types of armour.
You are amphibious.
You can wear up to eight rings at the same time.
You can use your tentacles to constrict many enemies at once.
Your skin changes colour to match your surroundings (Stlth).
Your rubbery body absorbs attacks (AC +1).


Message History

Edmund throws a dart.
The dart hits you!
You see here a dart.
Read which item? (? for menu, Esc to quit)
Okay, then.
Casting: Inner Flame
Confirm with . or Enter, or press ? or * to list all spells.
Aiming: Inner Flame
Press: ? - help, Shift-Dir - straight line, f/p - orc skeleton
Aim: an orc skeleton The orc skeleton is filled with an inner flame.
You are near starving!
A centaur comes into view. It is wielding a spear.
Read which item? (? for menu, Esc to quit)
As you read the scroll of teleportation, it crumbles to dust.
You feel strangely unstable.
You sock the orc skeleton!
The orc skeleton explodes!
The fiery explosion engulfs you!
Ouch! That really hurt!
You die...

#......................#
#....................
#.........c..........# #
#.....................###
#...#..................#?
#....#...................
##.####...#..............
##..####.#@.............
######@#(#.............
#§##...............
#§.(#..............
###................
#(................
###...#...........
##.##....#.##(..
#.#.#....#%....
##.##....##.#.#


You could see a centaur.

Vanquished Creatures
  Eustachio (D:5)
  A sky beast (D:4)
  An ice beast (D:6)
  A phantom (D:5)
  Sigmund (D:5)
  A jelly (D:5)
  A goliath beetle (D:6)
  2 crimson imps
  3 orc priests
  A hound (D:4)
  4 orc wizards
  A gnoll shaman (D:4)
  An iguana (D:3)
  4 worker ants
  An ogre zombie (D:6)
  9 adders
  A lemure (D:6)
  A giant mite (D:1)
  6 gnolls (D:4)
  4 worms
  8 giant geckos
  An ooze (D:1)
  17 orcs
  5 giant cockroaches
  10 hobgoblins
  2 jackals (D:2)
  15 kobolds
  8 quokkas
  6 bats
  A giant cockroach zombie (D:6)
  4 giant newts
  A giant spore (D:6)
  8 goblins
  2 kobold skeletons
  12 rats
  A rat skeleton (D:6)
146 creatures vanquished.

Notes
Turn   | Place    | Note
--------------------------------------------------------------
     0 | D:1      | Deemzul, the Octopode Fire Elementalist, began the quest for the Orb.
     0 | D:1      | Reached XP level 1. HP: 11/11 MP: 3/3
   202 | D:1      | Reached XP level 2. HP: 10/17 MP: 0/4
   720 | D:1      | Learned a level 2 spell: Throw Flame
   724 | D:1      | Reached XP level 3. HP: 21/21 MP: 5/5
  1321 | D:2      | Reached XP level 4. HP: 24/27 MP: 7/7
  1419 | D:2      | Reached skill level 4 in Fire Magic
  1912 | D:3      | Reached XP level 5. HP: 29/31 MP: 9/9
  1917 | D:3      | Learned a level 3 spell: Conjure Flame
  2231 | D:4      | Reached skill level 5 in Fire Magic
  2411 | D:3      | Reached XP level 6. HP: 32/36 MP: 11/11
  2718 | D:4      | Learned a level 3 spell: Inner Flame
  2721 | D:5      | Entered Level 5 of the Dungeon
  2756 | D:5      | Noticed Sigmund
  2767 | D:5      | Killed Sigmund
  2802 | D:5      | Found a shattered altar of Ashenzari.
  2802 | D:5      | Found a sparkling altar of Nemelex Xobeh.
  2802 | D:5      | Found a snail-covered altar of Cheibriados.
  2830 | D:5      | Became a worshipper of Ashenzari the Shackled
  3130 | D:5      | Reached XP level 7. HP: 25/41 MP: 10/13
  3538 | D:6      | Reached skill level 6 in Fire Magic
  3788 | D:4      | Noticed an ogre
  4740 | D:4      | Reached skill level 5 in Stealth
  4902 | D:4      | Found a shattered altar of Ashenzari.
  4907 | D:4      | Saw a vision of the Swamp and the Spider Nest.
  4907 | D:4      | Noticed a redback
  4907 | D:4      | Noticed a redback
  4907 | D:4      | Noticed an alligator
  4907 | D:4      | Noticed a redback
  4908 | D:4      | Noticed an alligator
  5019 | D:5      | Noticed Eustachio
  5175 | D:5      | Reached XP level 8. HP: 46/46 MP: 16/16
  5351 | D:5      | Killed Eustachio
  5351 | D:5      | Reached skill level 7 in Fire Magic
  6438 | D:6      | Upgraded the game from 0.14-a0-519-g334afa2 to 0.14-a0-882-gdff4d47
  6575 | D:6      | Noticed Edmund
  6640 | D:6      | Killed from afar by an orc skeleton

Action                   |  1- 3 |  4- 6 |  7- 9 || total
-------------------------+-------+-------+-------++-------
Melee: Unarmed           |    29 |    47 |    19 ||    95
       Trident           |       |       |    48 ||    48
       Mace              |       |       |    19 ||    19
 Cast: Flame Tongue      |    53 |    91 |    73 ||   217
       Throw Flame       |     1 |    14 |    53 ||    68
       Conjure Flame     |       |     1 |     4 ||     5
       Inner Flame       |       |       |     2 ||     2
Evoke: Wand              |       |       |     1 ||     1
  Use: Potion            |       |     8 |     2 ||    10
       Scroll            |       |     5 |     8 ||    13
 Stab: Sleeping          |     2 |     1 |     1 ||     4
